 Dungeon Crawl Stone Soup version 0.28.0-53-g5a82cb258f (webtiles) character file.

Game seed: 8158824494993488477

30222 DocClef the Bludgeoner (level 13, -1/124 HPs)
             Began as a Palentonga Fighter on June 29, 2022.
             Was a High Priest of Okawaru.
             Slain by an eight-headed hydra (11 damage)
             ... on level 3 of the Lair of Beasts.
             The game lasted 00:23:14 (19746 turns).

DocClef the Bludgeoner (Palentonga Fighter)        Turns: 19746, Time: 00:23:14

Health: -1/124     AC: 53    Str: 28    XL:     13   Next: 19%
Magic:  11/13      EV:  5    Int:  9    God:    Okawaru [*****.]
Gold:   819        SH:  5    Dex: 10    Spells: 12/12 levels left

rFire   + + .      SeeInvis +   d - +4 flail (protect)
rCold   + . .      Faith    .   c - +0 buckler
rNeg    . . .      Spirit   .   N - +9 plate armour {ponderous}
rPois   .          Reflect  .   Q - +1 hat {Will+}
rElec   .          Harm     .   L - +2 cloak "Patyosase" {Drain Str+4}
rCorr   .          Rampage  .   w - +1 pair of gloves {Stlth+}
Will    +....                   x - +1 barding {rC+}
Stlth   ..........              (no amulet)
HPRegen 0.30/turn               r - ring of protection from fire
MPRegen 0.13/turn               q - +4 ring of protection

@: heroic, under a protective aura, curled up, slow
A: large, rugged brown scales 3, see invisible, deformed body, roll 1, armoured
tail, reflexive curl, talons 1, fire resistance 1, subdued magic 1
a: Rolling Charge, Renounce Religion, Heroism, Finesse, Duel


You were on level 3 of the Lair of Beasts.
You worshipped Okawaru.
Okawaru was extremely pleased with you.
You visited 3 branches of the dungeon, and saw 16 of its levels.
You also visited: Sewer.

You collected 819 gold pieces.

Inventory:

Hand Weapons
 d - a +4 flail of protection (weapon)
 j - a +0 morningstar
Missiles
 F - 2 throwing nets
Armour
 c - a +0 buckler (worn)
 w - a +1 pair of gloves of stealth (worn)
 x - a +1 barding of cold resistance (worn)
 z - +0 acid dragon scales
 L - the +2 cloak "Patyosase" (worn) {Drain Str+4}
   (Okawaru gifted it to you on level 3 of the Lair of Beasts)

   Str:       It affects your strength (+4).
   Drain:     It drains your maximum health when unequipped.
 N - a +9 plate armour of ponderousness (worn)
 Q - a +1 hat of willpower (worn)
Jewellery
 q - a +4 ring of protection (right hand)
 r - a ring of protection from fire (left hand)
 t - a ring of flight
 y - a ring of positive energy
 A - a ring of protection from fire
 M - an amulet of faith
 O - an amulet of guardian spirit
Wands
 n - a wand of flame (39)
 v - a wand of paralysis (13)
 B - a wand of iceblast (23)
 H - a wand of digging (10)
 I - a wand of polymorph (7)
 K - a wand of mindburst (3)
Scrolls
 g - 3 scrolls of teleportation
 i - 14 scrolls of identify
 m - 2 scrolls of fog
 o - a scroll of enchant armour
 s - a scroll of silence
 E - a scroll of fear
 P - a scroll of amnesia {unknown}
Potions
 a - a potion of ambrosia
 b - 2 potions of flight
 e - 5 potions of heal wounds
 h - 3 potions of curing
 k - a potion of haste {unknown}
 l - 2 potions of lignification {unknown}
 p - 2 potions of mutation
 u - 2 potions of brilliance {unknown}
 C - a potion of invisibility {unknown}
 D - a potion of magic {unknown}
 G - 2 potions of might
 J - a potion of degeneration {unknown}


   Skills:
 - Level 15.4(20.4) Fighting
 - Level 20.1(25.1) Maces & Flails
 + Level 4.8(9.8) Armour
 - Level 2.4(7.4) Shields


You had 12 spell levels left.
You didn't know any spells.
Your spell library contained the following spells:

 Spells                   Type           Power      Damage    Failure   Level
 Apportation              Tloc           0%         N/A       98%         1
 Pain                     Necr           0%         1d4       98%         1
 Corpse Rot               Necr/Air       0%         N/A       99%         2
 Gell's Gravitas          Tloc           0%         N/A       100%        3
 Ignite Poison            Fire/Tmut/Pois 0%         N/A       100%        3
 Inner Flame              Hex/Fire       0%         N/A       100%        3
 Ozocubu's Armour         Ice            0%         N/A       100%        3
 Teleport Other           Tloc           0%         N/A       100%        3
 Vampiric Draining        Necr           0%         2d6       100%        3
 Petrify                  Tmut/Erth      0%         N/A       100%        4
 Alistair's Intoxication  Tmut/Pois      0%         N/A       100%        5
 Metabolic Englaciation   Hex/Ice        0%         N/A       100%        5
 Silence                  Hex/Air        0%         N/A       100%        5
 Dispersal                Tloc           0%         N/A       100%        6
 Eringya's Noxious Bog    Tmut/Pois      0%         N/A       100%        6
 Statue Form              Tmut/Erth      0%         N/A       100%        6
 Animate Skeleton         Necr           Unusable   N/A       N/A         1
 Summon Forest            Summ/Tloc      Unusable   N/A       N/A         5
 Simulacrum               Ice/Necr       Unusable   N/A       N/A         6
 Summon Hydra             Summ           Unusable   N/A       N/A         7

Dungeon Overview and Level Annotations

Branches:
Dungeon (11/15)            Temple (1/1) D:5            Lair (4/6) D:10
 Shoals (0/4) Lair:3        Snake (0/4) Lair:2        Sewer (visited)
    Orc: D:9-12

Altars:
Ashenzari
Cheibriados
Dithmenos
Elyvilon
Fedhas
Gozag
Hepliaklqana
Kikubaaqudgha
Makhleb
Nemelex Xobeh
Okawaru
Qazlal
Ru
Sif Muna
Trog
Uskayaw
Vehumet
Wu Jian
Xom
Yredelemnul
Zin
The Shining One
Lugonu

Shops:
D:6 :


Innate Abilities, Weirdness & Mutations

You are completely covered in rugged brown scales. (AC +3, +7% HP)
You have supernaturally acute eyesight. (SInv)
Armour fits poorly on your strangely shaped body.
You can roll at nearby foes to attack.
You have a long armoured tail.
You curl defensively after being hit. (AC +7*)
You have sharp toenails.
Your flesh is heat resistant. (rF+)
Your spells are a little easier to cast, but a little less powerful.


Message History

Press: ? - help, Shift-Dir - straight line, f/p - eight-headed hydra
Aim: an eight-headed hydra (chance to affect: 29%)
The eight-headed hydra easily resists.
Aiming: Iceblast
Press: ? - help, Shift-Dir - straight line, f/p - eight-headed hydra
Aim: an eight-headed hydra The mass of ice explodes!
The iceblast engulfs the eight-headed hydra!
The eight-headed hydra is lightly wounded.
Unknown command.
You gain the combat prowess of a mighty hero.
The eight-headed hydra bites you but does no damage. x8
You sock the eight-headed hydra!
Your weapon exudes an aura of protection.
The eight-headed hydra is moderately wounded.
You sock the eight-headed hydra!
The eight-headed hydra is moderately wounded.
The eight-headed hydra bites you but does no damage. x3
The eight-headed hydra bites you!
* * * LOW HITPOINT WARNING * * *
The eight-headed hydra bites you but does no damage.
The eight-headed hydra barely misses you.
The eight-headed hydra bites you!
* * * LOW HITPOINT WARNING * * *
The eight-headed hydra bites you but does no damage.
Unknown command.
You feel much better.
The eight-headed hydra bites you but does no damage.
The eight-headed hydra barely misses you.
The eight-headed hydra bites you!
* * * LOW HITPOINT WARNING * * *
The eight-headed hydra bites you but does no damage. x4
The eight-headed hydra bites you.
* * * LOW HITPOINT WARNING * * *
You bludgeon the eight-headed hydra!! You tail-slap the eight-headed hydra!
The eight-headed hydra is severely wounded.
The eight-headed hydra bites you but does no damage. x2
The eight-headed hydra completely misses you.
The eight-headed hydra bites you!
You die...

#.#..##.........#...
###..#..............
...................
#.............###..
##....#........##...
#....#.#............
##...........##..#..+
#..........#........#
#P..@D.......+#.##+.#
##..................#
#..........#.#.##....
##.......#..#........#
#........#....#....#.#
##..........#..#...+.#
#P..........#........#
#...........+..#..#..+
##.....##.............


You could see an eight-headed hydra.

Vanquished Creatures
  Gastronok (Lair:3)
  Harold (D:8)
  2 hydras
  A two-headed ogre (D:8)
  5 death yaks
  Nergalle (Lair:1)
  Pikel (D:4)
  A cyclops (D:11)
  A centaur zombie (D:8)
  2 black mambas
  7 cane toads
  3 komodo dragons
  A rime drake (Lair:3)
  2 polar bears
  2 hornets
  4 blink frogs (Lair:4)
  A snapping turtle (Lair:3)
  A shadow (D:8)
  A vampire (D:10)
  5 wyverns
  4 basilisks
  44 yaks
  5 steam dragons
  7 nagas
  An acid dragon (D:8)
  14 water moccasins
  5 black bears
  Pargi (Sewer)
  2 sky beasts
  3 orc warriors
  An ice beast (D:5)
  A necrophage (D:4)
  3 centaurs
  3 ogres
  9 wolves
  2 phantoms
  2 kobold brigands
  Blork the orc (D:4)
  11 bullfrogs
  2 gnoll sergeants
  4 scorpions
  6 killer bees
  14 wights
  5 howler monkeys
  2 hounds
  A jelly (D:6)
  A gnoll shaman (D:5)
  3 orc priests
  Terence (D:2)
  An iguana (D:5)
  8 orc wizards
  6 hell rats (Lair:3)
  A killer bee zombie (D:5)
  A howler monkey zombie (D:10)
  Robin (D:3)
  11 gnolls
  A howler monkey skeleton (D:4)
  5 adders
  A white imp (D:7)
  2 ufetubi (D:5)
  An adder skeleton (D:5)
  5 worms
  4 dart slugs
  30 orcs
  7 bats
  2 endoplasms
  2 giant cockroaches
  15 goblins
  7 hobgoblins
  4 jackals (D:4)
  16 kobolds
  8 ball pythons
  2 frilled lizards
  7 rats
  A spectral kobold (D:9)
350 creatures vanquished.

Vanquished Creatures (others)
  A sky beast (D:6)
  A demonic plant (D:11)
  16 fungi
  83 plants
101 creatures vanquished.

Grand Total: 451 creatures vanquished

Notes
Turn   | Place    | Note
-------+----------+-------------------------------------------
     0 | D:1      | DocClef the Palentonga Fighter began the quest for the Orb.
     0 | D:1      | Reached XP level 1. HP: 19/19 MP: 1/1
   387 | D:1      | Reached XP level 2. HP: 22/25 MP: 2/2
  1258 | D:2      | Found a faded altar of an unknown god.
  1264 | D:2      | Reached XP level 3. HP: 32/32 MP: 3/3
  1364 | D:2      | Noticed Terence
  1372 | D:2      | Killed Terence
  1921 | D:3      | Reached XP level 4. HP: 40/40 MP: 4/4
  1922 | D:3      | Reached skill level 5 in Fighting
  1923 | D:3      | Noticed Robin
  1995 | D:3      | Killed Robin
  2374 | D:3      | Noticed a scorpion
  2813 | D:4      | Reached XP level 5. HP: 47/47 MP: 5/5
  2814 | D:4      | Noticed a necrophage
  2824 | D:4      | Killed a necrophage
  2825 | D:4      | Reached skill level 3 in Maces & Flails
  2841 | D:4      | Reached skill level 4 in Maces & Flails
  3124 | D:4      | Reached XP level 6. HP: 54/54 MP: 6/6
  3273 | D:4      | Noticed Blork the orc
  3288 | D:4      | Gained mutation: Your spells are a little easier to cast,
                  | but a little less powerful. [potion of mutation]
  3288 | D:4      | Gained mutation: Your flesh is heat resistant. (rF+)
                  | [potion of mutation]
  3288 | D:4      | Gained mutation: You have sharp toenails. [potion of
                  | mutation]
  3290 | D:4      | Killed Blork the orc
  3395 | D:4      | Reached skill level 5 in Maces & Flails
  3834 | D:4      | Noticed Pikel
  3846 | D:4      | Killed Pikel
  3847 | D:4      | Reached skill level 7 in Maces & Flails
  3847 | D:4      | Gained mutation: You curl defensively after being hit. (AC
                  | +7*) [Palentonga growth]
  3847 | D:4      | Reached XP level 7. HP: 53/59 MP: 7/7
  4025 | D:5      | Entered Level 5 of the Dungeon
  4026 | D:5      | Noticed a steam dragon
  4033 | D:5      | Reached skill level 8 in Maces & Flails
  4040 | D:5      | Killed a steam dragon
  4041 | D:5      | Reached XP level 8. HP: 51/67 MP: 8/8
  4514 | D:5      | Found a staircase to the Ecumenical Temple.
  4603 | D:5      | Reached skill level 9 in Maces & Flails
  4825 | D:5      | Reached skill level 10 in Maces & Flails
  5238 | D:5      | Reached skill level 11 in Maces & Flails
  5238 | D:5      | Reached XP level 9. HP: 54/72 MP: 9/9
  5469 | Temple   | Entered the Ecumenical Temple
  5499 | Temple   | Became a worshipper of Warmaster Okawaru
  5727 | D:6      | Identified a scroll of acquirement
  5727 | D:6      | Acquired a manual of Fighting
  6035 | D:6      | Found a glowing drain.
  6060 | Sewer    | Entered a sewer
  6145 | Sewer    | Noticed Pargi
  6150 | Sewer    | Killed Pargi
  6314 | D:6      | Found Baemp's Book Emporium.
  6573 | D:7      | Reached skill level 12 in Maces & Flails
  6660 | D:7      | Reached * piety under Okawaru
  6680 | D:7      | Got the Volume of Scorching Flight
  7516 | D:8      | Noticed a two-headed ogre
  7523 | D:8      | Killed a two-headed ogre
  7534 | D:7      | Reached skill level 13 in Maces & Flails
  8049 | D:8      | Reached ** piety under Okawaru
  8050 | D:8      | Reached XP level 10. HP: 46/85 MP: 10/10
  9057 | D:8      | Reached *** piety under Okawaru
  9471 | D:8      | Reached skill level 14 in Maces & Flails
  9482 | D:8      | Reached skill level 10 in Fighting
 10234 | D:9      | Paralysed by a hornet for 1 turns
 10241 | D:9      | Reached **** piety under Okawaru
 10523 | D:9      | Noticed Harold
 10559 | D:8      | Killed Harold
 10560 | D:8      | Reached XP level 11. HP: 76/104 MP: 8/11
 10717 | D:9      | Found a hazy altar of Hepliaklqana.
 10861 | D:10     | Entered Level 10 of the Dungeon
 10877 | D:10     | Found a staircase to the Lair.
 11642 | D:10     | Reached ***** piety under Okawaru
 11876 | D:10     | Paralysed by a hornet for 3 turns
 12538 | D:10     | Acquired a manual of Maces & Flails
 13208 | D:11     | Noticed a four-headed hydra
 13213 | D:11     | Killed a four-headed hydra
 13213 | D:11     | Received a gift from Okawaru
 13246 | D:11     | Reached skill level 15 in Maces & Flails
 13649 | D:11     | Found a corrupted altar of Lugonu.
 13805 | Lair:1   | Entered Level 1 of the Lair of Beasts
 13847 | D:10     | Reached skill level 16 in Maces & Flails
 14467 | Lair:1   | Reached skill level 17 in Maces & Flails
 15154 | Lair:1   | Reached skill level 18 in Maces & Flails
 15154 | Lair:1   | Reached XP level 12. HP: 108/114 MP: 12/12
 15216 | Lair:1   | Noticed Nergalle
 15223 | Lair:1   | Killed Nergalle
 15229 | Lair:1   | Received a gift from Okawaru
 15405 | Lair:1   | Found an ancient bone altar of Kikubaaqudgha.
 15763 | Lair:2   | Noticed a death yak
 15765 | Lair:2   | Noticed a death yak
 15767 | Lair:2   | Noticed a death yak
 15769 | Lair:2   | Noticed a death yak
 15781 | Lair:1   | Killed a death yak
 15782 | Lair:1   | Reached skill level 19 in Maces & Flails
 15859 | Lair:2   | Noticed a death yak
 15890 | D:10     | Killed a death yak
 15900 | D:10     | Killed a death yak
 16192 | Lair:1   | Killed a death yak
 16339 | Lair:1   | Killed a death yak
 16935 | Lair:2   | You fall into a shaft and drop 2 floors!
 16954 | Lair:4   | Reached skill level 20 in Maces & Flails
 17472 | Lair:3   | Noticed a six-headed hydra
 17484 | Lair:4   | Killed a six-headed hydra
 17548 | Lair:3   | Identified the +2 cloak "Patyosase" {Drain Str+4} (Okawaru
                  | gifted it to you on level 3 of the Lair of Beasts)
 17548 | Lair:3   | Received a gift from Okawaru
 17734 | Lair:3   | Reached skill level 15 in Fighting
 18125 | Lair:3   | Found a staircase to the Shoals.
 18230 | Lair:3   | Reached XP level 13. HP: 124/124 MP: 13/13
 18584 | Lair:2   | Found a staircase to the Snake Pit.
 19704 | Lair:3   | Noticed Gastronok
 19724 | Lair:3   | Killed Gastronok
 19744 | Lair:3   | HP: 4/124 [eight-headed hydra (11)]
 19746 | Lair:3   | Slain by an eight-headed hydra

Illustrated notes

Levels and vault maps discovered:
D:1:      heliophobic_arrival_henge, layout_basic, dk_noncrumbling_4
D:2:      layout_basic, hellmonk_ecumenical_altar_run_dry, uniq_terence
D:3:      kennysheep_big_flooded_room, layout_loops_ring, uniq_robin
D:4:      layout_basic, minmay_pentomino_pile, uniq_blork_the_orc, uniq_pikel
D:5:      layout_rooms, minmay_temple_entry_poolview, minmay_divided_ellipse
D:6:      layout_basic, serial_shops, nicolae_shop_hallway_stairs,
          cheibrodos_sewer_entry_sluice
D:7:      layout_loops_ring
D:8:      kennysheep_spiral_hall, layout_loops_cross
D:9:      layout_basic, nicolae_hepliaklqana_monster_ancestors, uniq_harold
D:10:     layout_basic, minmay_lair_entry_grove, serial_bayou,
          serial_bayou_lake_a, serial_bayou_ford_a, serial_bayou_pond_e,
          serial_bayou_lagoon_a, serial_bayou_pond_a, serial_bayou_pond_e,
          mumra_transporter_accident, minmay_misc_feat_pillars
D:11:     kennysheep_kobold_lugonu_temple, layout_stronghold
Temple:   regret_index_temple_sigil_plot
Lair:1:   layout_hall_layers, basic_altar, beast_lair_carwin_1, uniq_nergalle
Lair:2:   layout_regular_city, minmay_snake_entry_guardpost_medium,
          grunt_megastairs_5
Lair:3:   layout_gridlike, minmay_shoals_entry_hut, minivault_11, uniq_gastronok
Lair:4:   layout_hall_layers, minmay_shattered_shrine, infiniplex_staircase_pool

Skill      XL: |  1  2  3  4  5  6  7  8  9 10 11 12 13 |
---------------+----------------------------------------+-----
Fighting       | 4 5 8 13 14 15 | 15.4
Maces & Flails | 4 7 8 11 13 14 18 20 | 20.1
Armour         | 4 |  4.8
Shields        | |  2.4

Action                   |  1- 3 |  4- 6 |  7- 9 | 10-12 | 13-15 || total
-------------------------+-------+-------+-------+-------+-------++-------
Melee: Flail             |    78 |    18 |   281 |   707 |   112 ||  1196
       Tailslap          |     9 |     8 |    29 |   119 |    13 ||   178
       Morningstar       |    10 |   109 |       |       |       ||   119
       Kick              |       |     4 |    74 |   147 |       ||   225
Invok: Heroism           |       |       |       |     5 |     2 ||     7
 Abil: Rolling Charge    |     2 |     5 |     1 |     1 |       ||     9
Evoke: Wand              |       |       |       |       |     4 ||     4
  Use: Potion            |       |     5 |       |     2 |     3 ||    10
       Scroll            |       |       |    11 |     4 |       ||    15
 Stab: Sleeping          |       |       |     2 |     6 |     1 ||     9
Armor: Scale mail        |    58 |    91 |     7 |       |       ||   156
       Steam dragon scal |       |       |   115 |    35 |       ||   150
       Acid dragon scale |       |       |       |   427 |    52 ||   479
       Plate armour      |       |       |       |       |    38 ||    38
Dodge: Dodged            |    36 |    67 |   106 |   205 |    34 ||   448
Block: Buckler           |    12 |    27 |    46 |   115 |    14 ||   214
